cohdb
Replays
Latest Replays
All Replays
Popular Replays
Top Player Replays
Match Explorer
How It Works
Community
CoH3 Stats
Reddit
Sign in to upload your games and track your stats! →
Sign in with Steam
Match 26754960
Unlisted
Match 26754960
Overview
Messages
Build Orders
End
Construct Barracks
Riflemen Squad
1⁄4-ton 4x4 Truck
Selects Advanced Infantry Battlegroup
Riflemen Squad
Infantry Support Center
Riflemen Squad
Selects Convert to Ranger Squad
Construct Medical Station
Convert to Ranger Squad
M1918 Browning Automatic Rifles
Munitions Surplus
Riflemen Squad
Selects Artillery Observers
Construct Motor Pool
Selects Artillery Observers
Selects Designate Assault Position
M8 Greyhound Armored Car
Engineer Squad
M8 Greyhound Armored Car
Selects Infantry Assault
Riflemen Squad
M24 Chaffee Light Tank
ConcernedApe
badiba
FTA_Viper
John Bigby
0
0
Comments
sign in to comment!
No comments posted yet!